 Dungeon Crawl Stone Soup version 0.29-a0-451-gfbfa42419e (webtiles) character file.

Game seed: 8012021742288105261

2 MeArio the Shield-Bearer (level 1, 20/20 HPs)
             Began as a Minotaur Fighter on May 19, 2022.
             Was a Follower of Wu Jian.
             Quit the game on level 1 of the Dungeon.
             The game lasted 00:00:30 (96 turns).

MeArio the Shield-Bearer (Minotaur Fighter)           Turns: 96, Time: 00:00:31

Health: 20/20      AC:  6    Str: 20    XL:     1   Next: 25%
Magic:  0/0        EV:  9    Int:  5    God:    Wu Jian [*.....]
Gold:   48         SH:  4    Dex:  9    Spells: 0/0 levels left

rFire   . . .      SeeInvis .   a - +0 long sword
rCold   . . .      Faith    .   c - +0 buckler
rNeg    . . .      Spirit   .   b - +0 scale mail
rPois   .          Reflect  .   (helmet restricted)
rElec   .          Harm     .   (no cloak)
rCorr   .          Rampage  .   (no gloves)
Will    .....                   (no boots)
Stlth   ..........              (no amulet)
HPRegen 0.06/turn               (no ring)
MPRegen 0.07/turn               (no ring)

@: no status effects
A: horns 2, retaliatory headbutt
a: Renounce Religion


You were on level 1 of the Dungeon.
You worshipped Wu Jian.
Wu Jian was aware of your devotion.
You visited 1 branch of the dungeon, and saw 1 of its levels.

You collected 48 gold pieces.

Inventory:

Hand Weapons
 a - a +0 long sword (weapon)
Armour
 b - a +0 scale mail (worn)
 c - a +0 buckler (worn)
Potions
 d - a potion of might
 e - a potion of heal wounds {unknown}


   Skills:
 + Level 3.6 Fighting
 + Level 2.4 Long Blades
 + Level 3.6 Armour
 + Level 3.6 Shields


You couldn't memorise any spells.
You didn't know any spells.
Your spell library was empty.

Dungeon Overview and Level Annotations

Branches:
Dungeon (1/15)

Altars:
Wu Jian


Innate Abilities, Weirdness & Mutations

You have a pair of horns on your head.
You reflexively headbutt those who attack you in melee.


Message History

Found a viscous cyan potion and 17 gold pieces.
Found a staircase leading out of the dungeon.
e - a viscous cyan potion You now have 10 gold pieces.
You now have 27 gold pieces (gained 17).
Found a scale mail.
A kobold comes into view. It is wielding a +0 short sword.
The kobold shouts!
The kobold throws a stone.
You block the stone.
The kobold throws a stone.
The stone barely misses you.
The kobold throws a stone.
The stone hits you but does no damage.
You slash the kobold!
You kill the kobold!
Found a stone staircase leading down.
Things that are here:
a +0 short sword; a stone You now have 41 gold pieces (gained 14).
You now have 48 gold pieces (gained 7).
You open the door.
There is an open door here.
Found a dagger.
Found a faded altar of an unknown god.
A bat comes into view.
A bat is nearby!
The bat hits you but does no damage.
You miss the bat. The bat hits you but does no damage. x2
You closely miss the bat. Your headbutt misses the bat.
The bat hits you but does no damage. x2
You closely miss the bat. The bat hits you but does no damage.
The bat barely misses you. The bat hits you but does no damage.
The bat barely misses you. You furiously retaliate!
You headbutt the bat.
You kill the bat!
There is a faded altar of an unknown god here.
You see here a +0 dagger.
You cannot tell which god this altar belongs to.
Convert to them anyway?
Wu Jian accepts your prayer! The Council welcomes you!
You can now perform damaging attacks by moving towards foes.
You can now lightly attack monsters by moving around them.
Are you sure you want to abandon this character and quit the game? (Confirm with "yes".)

#....##.##.#
#....#####.#
#....'.....#
#....#######
#....##
#.....####
#........#
#........#
#.....@..#
#........#
###......#
#...####
#####


There were no monsters in sight!

Vanquished Creatures
  A kobold (D:1)
  A bat (D:1)
2 creatures vanquished.

Notes
Turn   | Place    | Note
-------+----------+-------------------------------------------
     0 | D:1      | MeArio the Minotaur Fighter began the quest for the Orb.
     0 | D:1      | Reached XP level 1. HP: 19/19 MP: 0/0
    84 | D:1      | Found a faded altar of an unknown god.
    95 | D:1      | Prayed at the altar of an unknown god.
    95 | D:1      | Became a worshipper of the Wu Jian Council
    95 | D:1      | Reached * piety under Wu Jian
    96 | D:1      | Quit the game

Illustrated notes

Levels and vault maps discovered:
D:1:      dpeg_arrival_lava_altar, layout_basic,
          ebering_ecumenical_altar_sacrificial, kennysheep_boxes

Action                   || total
-------------------------++-------
Melee: Long sword        ||     4
Armor: Scale mail        ||     8
Dodge: Dodged            ||     3
Block: Buckler           ||     1

Table legend: (Time is in decaauts)
 A = Elapsed time spent in this place.
 B = Non-inter-level travel time spent in this place.
 C = Inter-level travel time spent in this place.
 D = Time resting spent in this place.
 E = Time spent auto-exploring this place.
 F = Levels seen in this place.
 G = Mean time per level.
                   A        B        C        D        E       F      G
               +--------+--------+--------+--------+--------+-----+--------+
         Total |     97 |     97 |      0 |      0 |     73 |   1 |   97.0 |
       Dungeon |     97 |     97 |      0 |      0 |     73 |   1 |   97.0 |
               +--------+--------+--------+--------+--------+-----+--------+

Top non-repeatable levels by time:
     D:1: 97 daAuts
